 Dungeon Crawl Stone Soup version 0.23-a0-313-gf30bb39 (webtiles) character file.

1493 HDogLeCool the Carver (level 8, 0/71 HPs)
             Began as a Minotaur Monk on Oct 12, 2018.
             Was a Believer of Fedhas.
             Shot with an arrow by a centaur (12 damage)
             ... on level 7 of the Dungeon.
             The game lasted 00:31:24 (6719 turns).

HDogLeCool the Carver (Minotaur Monk)               Turns: 6719, Time: 00:31:25

Health: 0/71       AC:  9    Str: 19    XL:     8   Next: 51%
Magic:  10/10      EV: 13    Int:  7    God:    Fedhas [**....]
Gold:   280        SH:  0    Dex: 12    Spells: 7/7 levels left

rFire    + . .     SeeInvis .   h - +0 long sword
rCold    . . .     Gourm    .   (no shield)
rNeg     . . .     Faith    .   F - +2 leather armour {rF+}
rPois    .         Spirit   .   (helmet restricted)
rElec    .         Reflect  .   s - +1 cloak
rCorr    .         Harm     .   y - +0 pair of gloves
MR       .....                  (no boots)
Stlth    +.........             (no amulet)
HPRegen  0.21/turn              (no ring)
MPRegen  0.12/turn              (no ring)

@: hasted, very quick
A: retaliatory headbutt, horns 2
a: Fungal Bloom, Sunlight, Evolution, Renounce Religion


You were on level 7 of the Dungeon.
You worshipped Fedhas.
Fedhas was pleased with you.
You were not hungry.

You visited 1 branch of the dungeon, and saw 7 of its levels.

You collected 370 gold pieces.
You spent 90 gold pieces at shops.

Inventory:

Hand Weapons
 h - a +0 long sword (weapon)
 w - a +0 shortbow
 A - a +2 rapier of venom
Missiles
 b - 9 tomahawks
 m - 46 poisoned needles
 q - 76 stones (quivered)
 v - 65 arrows
Armour
 r - a +0 chain mail
 s - a +1 cloak (worn)
 y - a +0 pair of gloves (worn)
 C - a +1 leather armour of poison resistance
 F - a +2 leather armour of fire resistance (worn)
Jewellery
 u - an uncursed ring of wizardry
Wands
 B - a wand of acid (6)
Scrolls
 a - a scroll of immolation {unknown}
 d - a scroll of amnesia {unknown}
 e - 4 scrolls of teleportation {unknown}
 g - 5 scrolls of identify
 i - a scroll of fog {unknown}
 j - 3 scrolls of fear
 o - 4 scrolls of magic mapping
 t - 2 scrolls of remove curse {unknown}
 E - a scroll of enchant weapon {unknown}
Potions
 f - 2 potions of might
 k - 2 potions of haste
 l - 2 potions of ambrosia {unknown}
 n - a potion of heal wounds {unknown}
 p - a potion of magic {unknown}
 x - a potion of brilliance {unknown}
 z - 6 potions of curing {unknown}
 D - 2 potions of lignification {unknown}
Comestibles
 c - 9 rations


   Skills:
 + Level 6.5 Fighting
 * Level 8.7 Long Blades
 + Level 5.3 Armour
 - Level 3.2 Dodging
 - Level 1.5 Stealth
 - Level 5.0 Invocations


You had 7 spell levels left.
You didn't know any spells.
Your spell library was empty.

Dungeon Overview and Level Annotations

Branches:
Dungeon (7/15)             Temple (0/1) D:5

Altars:
Cheibriados
Dithmenos
Fedhas
Kikubaaqudgha
Makhleb
Nemelex Xobeh
Okawaru
Qazlal
Ru
Wu Jian

Shops:
D:6 ?


Innate Abilities, Weirdness & Mutations

You reflexively headbutt those who attack you in melee.
You have a pair of horns on your head.


Message History

The centaur shoots an arrow.
The arrow hits you!
* * * LOW HITPOINT WARNING * * *
Things that are here:
2 arrows; a rapier; a scale mail The centaur shoots an arrow.
The arrow barely misses you.
You see here 2 arrows.
You swap places.
The centaur shoots an arrow.
The arrow hits you!
* * * LOW HITPOINT WARNING * * *
There is an open door, spattered with blood here.
You see here an arrow.
It was a potion of haste.
You feel yourself speed up.
The centaur shoots an arrow.
The arrow hits you but does no damage.
Your wandering mushroom releases spores at the centaur.
The centaur is engulfed in a cloud of spores!
Your wandering mushroom is destroyed!
Found a stone staircase leading up.
The centaur shoots an arrow.
The arrow completely misses you.
The centaur shoots an arrow.
The arrow hits you!
You die...
Fedhas appreciates your contribution to the ecosystem.

....##########
..............
.............. .
.......... .. ....(...
#### ###'##....# #...
....<'....# #... #.@..#
#... ######....###
######... ........##..#
#........ ........#..c#
#........ ...(....#...#
#........
......((##(#####........
#########.((.......#####.
#....#..'.(........# #.
#....#..#......(...# #.


You could see a centaur.

Vanquished Creatures
  Menkaure (D:6)
  Duvessa (D:7)
  A phantom (D:4)
  An ogre (D:7)
  2 centaurs
  3 bullfrogs
  Dowan (D:7)
  A scorpion (D:7)
  A howler monkey (D:5)
  3 hounds
  An orc priest (D:3)
  Crazy Yiuf (D:3)
  An iguana (D:4)
  3 orc wizards (D:7)
  2 worker ants
  A hound skeleton (D:4)
  5 gnolls (D:4)
  7 adders
  A shadow imp (D:6)
  2 oozes
  2 worms
  3 dart slugs
  2 leopard geckos
  13 orcs
  A bat zombie (D:4)
  4 giant cockroaches
  6 goblins
  15 hobgoblins
  7 jackals
  2 quokkas (D:3)
  5 bats
  7 frilled lizards
  7 kobolds
  A leopard gecko skeleton (D:4)
  8 rats
  A rat zombie (D:4)
123 creatures vanquished.

Vanquished Creatures (collateral kills)
  Edmund (D:4)
  2 bullfrogs
  A jelly (D:7)
  3 crimson imps (D:6)
  An orc priest (D:7)
  Ijyb (D:5)
  An iguana (D:4)
  A gnoll (D:4)
  A shadow imp (D:5)
  An adder skeleton (D:4)
  2 jackals
  A quokka (D:6)
16 creatures vanquished.

Vanquished Creatures (others)
  3 wandering mushrooms
  A giant cockroach zombie (D:6)
  53 toadstools
57 creatures vanquished.

Grand Total: 196 creatures vanquished

Notes
Turn   | Place    | Note
-------+----------+-------------------------------------------
     0 | D:1      | HDogLeCool the Minotaur Monk began the quest for the Orb.
     0 | D:1      | Reached XP level 1. HP: 19/19 MP: 0/0
   163 | D:1      | Reached skill level 4 in Long Blades
   233 | D:1      | Reached XP level 2. HP: 27/27 MP: 1/1
   333 | D:1      | Reached skill level 1 in Armour
   740 | D:2      | Reached XP level 3. HP: 33/33 MP: 2/2
   804 | D:2      | Found a blossoming altar of Fedhas.
   843 | D:2      | Became a worshipper of Fedhas Madash
   843 | D:2      | Reached * piety under Fedhas
   843 | D:2      | Reached ** piety under Fedhas
  1107 | D:2      | Reached skill level 5 in Long Blades
  1107 | D:2      | Reached XP level 4. HP: 36/40 MP: 3/3
  1995 | D:3      | Reached XP level 5. HP: 42/47 MP: 4/4
  2037 | D:3      | Found a runed door.
  2649 | D:3      | Reached skill level 1 in Invocations
  2901 | D:3      | Noticed Crazy Yiuf
  2906 | D:3      | Killed Crazy Yiuf
  3045 | D:4      | Reached skill level 6 in Long Blades
  3128 | D:4      | Noticed Edmund
  3270 | D:4      | Reached XP level 6. HP: 46/55 MP: 6/6
  3387 | D:4      | Killed Edmund
  3387 | D:4      | Reached skill level 5 in Fighting
  3621 | D:4      | Found an ancient bone altar of Kikubaaqudgha.
  3734 | D:4      | Found a burning altar of Makhleb.
  3734 | D:4      | Found a snail-covered altar of Cheibriados.
  3885 | D:4      | Reached XP level 7. HP: 59/61 MP: 8/8
  3897 | D:4      | Found an iron altar of Okawaru.
  4091 | D:5      | Entered Level 5 of the Dungeon
  4343 | D:5      | Found a staircase to the Ecumenical Temple.
  4562 | D:5      | Noticed Ijyb
  4570 | D:5      | Killed Ijyb
  4570 | D:5      | Reached skill level 7 in Long Blades
  4713 | D:5      | Found a sparkling altar of Nemelex Xobeh.
  4713 | D:5      | Found a sacrificial altar of Ru.
  4719 | D:5      | Found a shadowy altar of Dithmenos.
  4723 | D:5      | Found a stormy altar of Qazlal.
  4726 | D:5      | Found an ornate altar of the Wu Jian Council.
  5602 | D:6      | Found Tuskeptu's Magic Scroll Boutique.
  5620 | D:6      | Bought a scroll of magic mapping for 45 gold pieces
  5620 | D:6      | Bought a scroll of fear for 45 gold pieces
  5636 | D:6      | Noticed Menkaure
  5648 | D:6      | Killed Menkaure
  5648 | D:6      | Reached XP level 8. HP: 52/70 MP: 10/10
  6146 | D:7      | Reached skill level 8 in Long Blades
  6410 | D:7      | Found an iron altar of Okawaru.
  6509 | D:7      | Reached skill level 5 in Invocations
  6517 | D:7      | Reached skill level 5 in Armour
  6661 | D:7      | Noticed Duvessa
  6668 | D:7      | Noticed Dowan
  6679 | D:7      | Killed Duvessa
  6683 | D:7      | Killed Dowan
  6719 | D:7      | Shot with an arrow by a centaur

Vault maps used:
D:1:      lightli_iron_boxes, serial_bayou_pond_d
D:2:      lemuel_round_altar
D:3:      wad_crossroads, uniq_crazy_yiuf_cottage
D:4:      lemuel_coloured_pillars_altar, gammafunk_temple_overflow_elements,
          lemuel_zombie_altar_kikubaaqudgha, uniq_edmund
D:5:      grunt_temple_overflow_open, temple_fountains, first_ration, uniq_ijyb
D:6:      minmay_klotski, serial_shops, kennysheep_little_box, minivault_11,
          uniq_menkaure
D:7:      kennysheep_mini_moat, okawaru_metal_pillars_3, uniq_duvessa

Skill      XL: |  1  2  3  4  5  6  7  8 |
---------------+-------------------------+-----
Long Blades    | 4 5 6 7 8 |  8.7
Armour         | 1 2 3 4 5 |  5.3
Fighting       | 4 5 6 |  6.5
Invocations    | 2 3 4 5 |  5.0
Dodging        | |  3.2
Stealth        | |  1.5

Action                   |  1- 3 |  4- 6 |  7- 9 || total
-------------------------+-------+-------+-------++-------
Melee: Falchion          |    74 |    65 |       ||   139
       Headbutt          |    11 |    23 |    21 ||    55
       Long sword        |       |    57 |    92 ||   149
 Fire: Shortbow          |       |       |     4 ||     4
Throw: Stone             |       |    14 |    51 ||    65
Invok: Fungal Bloom      |     3 |    15 |    17 ||    35
       Sunlight          |       |     1 |     1 ||     2
       Evolution         |       |     2 |     1 ||     3
  Use: Scroll            |       |       |     1 ||     1
       Potion            |       |       |     1 ||     1
 Stab: Sleeping          |     2 |     3 |       ||     5
       Confused          |       |     1 |     1 ||     2
  Eat: Chunk             |       |     9 |     9 ||    18
Armor: Robe              |     4 |       |       ||     4
       Leather armour    |     3 |     9 |     8 ||    20
       Chain mail        |       |    27 |    28 ||    55
Dodge: Dodged            |    43 |    43 |    48 ||   134
       Rpst.: Falchion   |     9 |     6 |       ||    15
       Long sword        |       |     3 |    18 ||    21

Table legend:
 A = Non-vault XP
 B = Vault XP
 C = Vault XP percentage of total XP
 D = Non-vault monster count
 E = Vault monster count
 F = Vault count percentage of total count
                 A         B        C        D         E       F
            +---------+---------+-------+---------+---------+-------
      Total |    1628 |     505 |  23.7 |     127 |      12 |   8.6
            +---------+---------+-------+---------+---------+-------
        D:1 |      34 |       0 |   0.0 |      20 |       0 |   0.0
        D:2 |      80 |       0 |   0.0 |      23 |       0 |   0.0
        D:3 |     111 |      77 |  41.0 |      25 |       5 |  16.7
        D:4 |     342 |     104 |  23.3 |      19 |       3 |  13.6
        D:5 |     237 |      23 |   8.8 |       8 |       1 |  11.1
        D:6 |     395 |     149 |  27.4 |      16 |       1 |   5.9
        D:7 |     429 |     152 |  26.2 |      16 |       2 |  11.1
            +---------+---------+-------+---------+---------+-------
